 Dungeon Crawl Stone Soup version 0.22.1-1-ga44c0e5 (webtiles) character file.

131 aMcNicky the Sneak (level 5, 0/34 HPs)
             Began as a Gargoyle Wanderer on Oct 20, 2018.
             Was an Initiate of Uskayaw.
             Killed from afar by an orc wizard (9 damage)
             ... with a magic dart
             ... on level 3 of the Dungeon.
             The game lasted 00:12:00 (2702 turns).

aMcNicky the Sneak (Gargoyle Wanderer)              Turns: 2702, Time: 00:12:01

Health: 0/34       AC:  9    Str: 14    XL:     5   Next: 14%
Magic:  5/5        EV: 10    Int: 16    God:    Uskayaw [......]
Gold:   118        SH:  0    Dex:  8    Spells: 4/4 levels left

rFire    . . .     SeeInvis .   a - +0 flail
rCold    . . .     Gourm    .   (no shield)
rNeg     + . .     Faith    .   y - +0 ring mail
rPois    ∞         Spirit   .   (no helmet)
rElec    +         Reflect  .   (no cloak)
rCorr    .         Harm     .   (no gloves)
MR       .....                  (no boots)
Stlth    ++........             (no amulet)
HPRegen  0.11/turn              (no ring)
MPRegen  0.09/turn              (no ring)

@: no status effects
A: negative energy resistance 1, electricity resistance, unbreathing,
petrification resistance, rot immunity, AC +4
a: Renounce Religion


You were on level 3 of the Dungeon.
You worshipped Uskayaw.
Uskayaw was noncommittal.
You were not hungry.

You visited 1 branch of the dungeon, and saw 3 of its levels.

You collected 118 gold pieces.

Inventory:

Hand Weapons
 a - a +0 flail (weapon)
 b - a +0 hunting sling
 d - a +0 quarterstaff
 s - a +2 dagger
Missiles
 m - a throwing net (quivered)
 n - 82 stones
Armour
 e - a +0 robe
 l - a +1 pair of gloves
 y - a +0 ring mail (worn)
Jewellery
 o - a cursed ring of teleportation {unknown}
 v - an uncursed ring of magical power {unknown}
 w - an uncursed ring of stealth {unknown}
Scrolls
 c - 5 scrolls of teleportation
 i - a scroll of amnesia {unknown}
 k - a scroll of remove curse {unknown}
 t - a scroll of immolation {unknown}
 u - 2 scrolls of identify {unknown}
 x - 3 scrolls of blinking {unknown}
Potions
 g - a potion of heal wounds
 h - 3 potions of might {unknown}
 j - a potion of lignification {unknown}
 p - a potion of curing {@q1}
 q - a potion of degeneration {unknown}
 z - 2 potions of magic {unknown}
 A - a potion of ambrosia {unknown}
 B - a potion of haste {unknown}
Comestibles
 f - 7 rations
 r - a chunk of flesh


   Skills:
 + Level 4.7 Fighting
 * Level 1.9(2.0) Maces & Flails
 - Level 1.0(1.5) Staves
 - Level 1.0 Throwing
 + Level 0.0 Armour
 - Level 1.0 Dodging
 - Level 5.4 Stealth
 + Level 0.0 Invocations
   Level 1.0 Evocations


You had 4 spell levels left.
You didn't know any spells.
Your spell library was empty.

Dungeon Overview and Level Annotations

Branches:
Dungeon (3/15)

Altars:
Dithmenos
Sif Muna
Uskayaw
Yredelemnul


Innate Abilities, Weirdness & Mutations

You are resistant to torment.
Your stone body is resilient. (AC +4)
You are immune to poison.
You resist negative energy. (rN+)
You are resistant to electric shocks. (rElec)
You can survive without breathing.
You are immune to petrification.
You are immune to rotting.


Message History

You closely miss something.
You hear some strange, mumbled words.
A magic dart appears from out of thin air!
The magic dart hits you! Something hits you but does no damage.
You closely miss something.
Something hits you but does no damage. x2
You hit something but do no damage. Something hits you.
Your ring mail prevents you from hitting something.
You hear some strange, mumbled words.
A puff of flame appears from out of thin air!
The puff of flame hits you! Something hits you but does no damage.
You barely miss something. Something hits you but does no damage.
You barely miss something.
You hear some strange, mumbled words.
A puff of flame appears from out of thin air!
The puff of flame hits you!
* * * LOW HITPOINT WARNING * * *
You hear some strange, mumbled words.
A magic dart appears from out of thin air!
The magic dart hits you!
You die...

###.# ### .# . .# #
(## # ##### o(##.
≈≈≈≈≈ .... ≈≈≈# >.#
≈≈# ######.# .#
#...@.o# # ##.######
## ######...## .##
#.........# #..
..#####.####....###.#
........# ##....##.#
..####### ###..##.#
.......# #..##.#
.#####.# #..##.#


You could see an orc.

Vanquished Creatures
  6 adders
  3 worms (D:3)
  5 dart slugs
  A leopard gecko (D:3)
  4 orcs (D:3)
  3 ball pythons
  2 giant cockroaches
  3 goblins
  2 hobgoblins
  3 jackals (D:2)
  7 bats
  A frilled lizard (D:2)
  10 kobolds
  6 rats
56 creatures vanquished.

Notes
Turn   | Place    | Note
-------+----------+-------------------------------------------
     0 | D:1      | aMcNicky the Gargoyle Wanderer began the quest for the Orb.
     0 | D:1      | aMcNicky set off with: a +2 dagger, a potion of heal
                  | wounds, a scroll of teleportation, a +0 quarterstaff, a +0
                  | robe, a ration
     0 | D:1      | Reached XP level 1. HP: 12/12 MP: 1/1
   212 | D:1      | Reached XP level 2. HP: 14/18 MP: 2/2
   781 | D:2      | Found a shadowy altar of Dithmenos.
   814 | D:2      | Reached XP level 3. HP: 13/23 MP: 3/3
  1433 | D:2      | Reached XP level 4. HP: 20/29 MP: 4/4
  2178 | D:3      | Reached skill level 1 in Maces & Flails
  2258 | D:3      | Found a deep blue altar of Sif Muna.
  2266 | D:3      | Found a basalt altar of Yredelemnul.
  2395 | D:3      | Reached XP level 5. HP: 34/34 MP: 5/5
  2623 | D:3      | Found a hide-covered altar of Uskayaw.
  2649 | D:3      | Became a worshipper of Uskayaw the Reveler
  2702 | D:3      | Killed from afar by an orc wizard

Skill      XL: |  1  2  3  4 |
---------------+-------------+-----
Fighting       | 2 3 4 |  4.7
Maces & Flails | 1 |  1.9
Staves         | |  1.0
Throwing       | |  1.0
Dodging        | |  1.0
Stealth        | |  5.4
Evocations     | |  1.0

Action                   |  1- 3 |  4- 6 || total
-------------------------+-------+-------++-------
Melee: Dagger            |   119 |    83 ||   202
       Flail             |       |    12 ||    12
 Fire: Hunting sling     |     7 |    50 ||    57
  Use: Scroll            |     1 |       ||     1
 Stab: Sleeping          |    10 |     4 ||    14
  Eat: Chunk             |     2 |     4 ||     6
Armor: Robe              |    40 |    27 ||    67
       Ring mail         |       |    18 ||    18
Dodge: Dodged            |    77 |    36 ||   113
